 Dungeon Crawl Stone Soup version 0.26.0-20-g3ca415f5b8 (webtiles) character file.

Game seed: 11807005780351163569

1451 hawla the Magician (level 8, -2/59 HPs)
             Began as a Red Draconian Conjurer on Jan 25, 2021.
             Slain by an orc warrior
             ... wielding a +0 battleaxe of electrocution
              (25 damage)
             ... on level 6 of the Dungeon.
             The game lasted 00:26:34 (8237 turns).

hawla the Magician (Red Draconian Conjurer)         Turns: 8237, Time: 00:26:34

Health: -2/59      AC:  6    Str: 15      XL:     8   Next: 47%
Magic:  16/27      EV: 16    Int: 21      God:
Gold:   499        SH:  0    Dex:  9 (10) Spells: 14/21 levels left

rFire    + . .     SeeInvis .   w - +9 mace "Fefaism" {freeze, *Contam rPois Str+6}
rCold    . . .     Faith    .   (no shield)
rNeg     . . .     Spirit   .   (armour unavailable)
rPois    +         Reflect  .   (helmet restricted)
rElec    .         Harm     .   (no cloak)
rCorr    .         Rampage  .   (no gloves)
Will     .....                  (no boots)
Stlth    ++........             (no amulet)
HPRegen  0.19/turn              f - +4 ring of evasion
MPRegen  0.20/turn              b - ring of magical power

@: no status effects
A: breathe fire, unfitting armour, big wings, hooves 1, deterioration 1, fire
resistance 1, cold-blooded, subdued magic 1, AC +6
a: Breathe Fire, Fly


You were on level 6 of the Dungeon.
You visited 1 branch of the dungeon, and saw 6 of its levels.
You also visited: Ossuary.

You collected 499 gold pieces.

Inventory:

Hand Weapons
 w - the +9 mace "Fefaism" (weapon) {freeze, *Contam rPois Str+6}
   (You found it on level 6 of the Dungeon)

   It has been specially enchanted to freeze those struck by it, causing extra
   injury to most foes and up to half again as much damage against particularly
   susceptible opponents.
   It can also slow down cold-blooded creatures.
   It affects your strength (+6).
   It protects you from poison.
   It causes magical contamination when unequipped.
Missiles
 a - 12 poisoned darts
 v - 5 boomerangs (quivered)
Jewellery
 b - a ring of magical power (right hand)
 f - a +4 ring of evasion (left hand)
 i - an uncursed ring of protection from cold
 l - an uncursed ring of poison resistance
 s - an uncursed ring of protection from cold
Scrolls
 c - 4 scrolls of amnesia
 e - 6 scrolls of remove curse
 g - 2 scrolls of blinking
 n - 2 scrolls of enchant armour
 o - 3 scrolls of teleportation
 r - a scroll of noise {unknown}
 t - a scroll of fear
 u - 2 scrolls of enchant weapon
Potions
 d - 4 potions of curing
 h - 5 potions of heal wounds
 j - 2 potions of lignification
 k - 3 potions of flight
 m - a potion of haste
 p - 2 potions of might
 q - 2 potions of resistance


   Skills:
 - Level 1.3 Fighting
 - Level 1.4 Throwing
 - Level 2.3 Dodging
 - Level 2.3 Stealth
 + Level 7.0 Spellcasting
 - Level 6.4 Conjurations
 - Level 4.1 Translocations


You had 14 spell levels left.
You knew the following spells:

 Your Spells              Type           Power        Failure   Level
a - Magic Dart            Conj           100%         1%          1
b - Searing Ray           Conj           52%          1%          2
c - Iskenderun's Mystic   Conj/Tloc      22%          8%          4

Your spell library contained the following spells:

 Spells                   Type           Power        Failure   Level
 Dazzling Flash           Conj/Hex       32%          5%          3
 Fulminant Prism          Conj/Hex       8%           21%         4


Dungeon Overview and Level Annotations

Branches:
Dungeon (6/15)            Ossuary (visited)
 Temple: D:4-7

Altars:
Makhleb
Okawaru

Shops:
D:4 [*:(   D:6 :


Innate Abilities, Weirdness & Mutations

You can breathe blasts of fire.
Your fiery red scales are hard. (AC +6)
You cannot fit into any form of body armour.
Your flesh is heat resistant. (rF+)
You are cold-blooded and may be slowed by cold attacks.
Your large and strong wings let you fly indefinitely.
You have large cloven feet.
Your body sometimes deteriorates upon taking damage.
Your spells are a little easier to cast, but a little less powerful.


Message History

You hear a shout!
An orc comes into view. It is wielding a +0 hand axe.
Your Spellcasting skill increases to level 7!
Casting: Iskenderun's Mystic Blast (dangerous; 8% risk of failure)
Confirm with . or Enter, or press ? or * to list all spells.
Aiming: Searing Ray (safe; 1% risk of failure)
Press: ? - help, Shift-Dir - straight line, f/p - orc warrior
Aim: an orc warrior, wielding a +0 battleaxe of electrocution and wearing a +0 plate armour (severely wounded, 21% to evade)
Okay, then.
The orc warrior misses you. The orc completely misses you.
The white imp grinds its teeth.
Things that are here:
a +2 hand axe of electrocution; a cursed +0 leather armour; an orc skeleton The orc warrior hits you with a +0 battleaxe of electrocution!!
You are electrocuted!
Your body deteriorates!
You feel clumsy. The orc hits you but does no damage.
The orc hits you but does no damage.
The orc warrior hits you with a +0 battleaxe of electrocution!!
You die...

.. #....o....)..##.#..# #..
#.
#.####5.........#..########..
##.##.#
#####.......[>..........
..o..o# #5...).<†...........
.#.#### #.######[###########
#) #o# #.# #. #o# #.# .o
#.######.# #o #.o@.....# ##
########.# #.# #.# #.# #.#
..# ##


You could see an orc warrior.

Vanquished Creatures
  Sigmund (D:3)
  A sky beast (D:6)
  2 phantoms
  A scorpion (D:6)
  5 wights
  4 howler monkeys
  3 hounds
  A bullfrog skeleton (D:5)
  An iguana (D:6)
  An orc wizard (D:3)
  3 worker ants
  8 mummies (Ossuary)
  3 gnolls (D:4)
  10 adders
  2 shadow imps (D:5)
  A white imp (D:6)
  An adder skeleton (D:4)
  2 worms
  2 dart slugs
  A leopard gecko (D:2)
  22 orcs
  2 ball pythons
  3 giant cockroaches
  10 hobgoblins
  13 jackals
  2 quokkas
  8 bats
  3 frilled lizards
  2 gnoll zombies (Ossuary)
  3 goblins
  A hobgoblin zombie (Ossuary)
  7 kobolds
  2 kobold zombies (Ossuary)
  3 orc zombies (Ossuary)
  12 rats
146 creatures vanquished.

Vanquished Creatures (others)
  2 plants (D:3)
2 creatures vanquished.

Grand Total: 148 creatures vanquished

Notes
Turn   | Place    | Note
-------+----------+-------------------------------------------
     0 | D:1      | hawla the Draconian Conjurer began the quest for the Orb.
     0 | D:1      | Reached XP level 1. HP: 14/14 MP: 3/3
   235 | D:1      | Reached skill level 1 in Fighting
   235 | D:1      | Reached XP level 2. HP: 15/23 MP: 0/5
   351 | D:1      | Learned a level 2 spell: Searing Ray
  1022 | D:1      | Reached XP level 3. HP: 28/28 MP: 5/7
  1460 | D:1      | Reached skill level 3 in Spellcasting
  1995 | D:2      | Found a faded altar of an unknown god.
  2145 | D:2      | Reached skill level 1 in Throwing
  2543 | D:2      | Reached XP level 4. HP: 18/35 MP: 2/9
  2698 | D:2      | Learned a level 4 spell: Iskenderun's Mystic Blast
  3054 | D:3      | Noticed a phantom
  3098 | D:3      | Reached skill level 1 in Translocations
  3124 | D:3      | Killed a phantom
  3125 | D:3      | Reached XP level 5. HP: 31/40 MP: 0/10
  3348 | D:3      | Noticed Sigmund
  3771 | D:4      | Found Xoygah's Book Boutique.
  3771 | D:4      | Found Madwidoh's Antique Weapon Shop.
  3771 | D:4      | Found Ycsum's Assorted Antiques.
  4084 | D:4      | Found Facrustre's Armour Boutique.
  4265 | D:4      | Reached skill level 4 in Spellcasting
  4265 | D:4      | Reached skill level 5 in Conjurations
  4265 | D:4      | Reached XP level 6. HP: 47/47 MP: 4/12
  4408 | D:4      | Found a sand-covered staircase.
  4417 | Ossuary  | Entered an ossuary
  5278 | D:4      | Your scales start taking on a fiery red colour.
  5278 | D:4      | Reached XP level 7. HP: 29/52 MP: 2/14
  5278 | D:4      | Gained mutation: Your flesh is heat resistant. (rF+) [Red
                  | Draconian growth]
  5434 | D:4      | Found a burning altar of Makhleb.
  6087 | D:3      | Killed Sigmund
  6088 | D:3      | Reached skill level 5 in Spellcasting
  6485 | D:4      | Gained mutation: You have large cloven feet. [potion of
                  | mutation]
  6485 | D:4      | Gained mutation: Your body sometimes deteriorates upon
                  | taking damage. [potion of mutation]
  6485 | D:4      | Gained mutation: Your spells are a little easier to cast,
                  | but a little less powerful. [potion of mutation]
  6485 | D:4      | Gained mutation: Your large and strong wings let you fly
                  | indefinitely. [potion of mutation]
  6505 | D:5      | Entered Level 5 of the Dungeon
  6945 | D:5      | Found an iron altar of Okawaru.
  7529 | D:6      | Reached XP level 8. HP: 46/59 MP: 8/16
  7742 | D:6      | Reached skill level 6 in Spellcasting
  8009 | D:6      | Found Liserhed's Book Emporium.
  8052 | D:6      | Got an ichor-stained mace
  8052 | D:6      | Identified the +9 mace "Fefaism" {freeze, *Contam rPois
                  | Str+6} (You found it on level 6 of the Dungeon)
  8214 | D:6      | Reached skill level 7 in Spellcasting
  8237 | D:6      | Slain by an orc warrior

Illustrated notes

Levels and vault maps discovered:
D:1:      nzn_arrival_settlement, layout_basic, minmay_pentomino_w4
D:2:      kb_forest_paths, layout_basic, chequers_ecumenical_altar_simple
D:3:      layout_basic, guppyfry_early_lair_pool, uniq_sigmund
D:4:      layout_loops_ring, serial_shops, shop, shop_statue, shop, shop,
          nicolae_ossuary_entry_monument, makhleb_blood_cavern_becter
D:5:      layout_basic, okawaru_ov_weapons_minmay
D:6:      nicolae_whirlpool, layout_loops_ring, serial_shops, shop

Skill      XL: |  1  2  3  4  5  6  7  8 |
---------------+-------------------------+-----
Stealth        | 2 |  2.3
Dodging        | 2 |  2.3
Fighting       | 1 |  1.3
Spellcasting   | 3 4 5 7 |  7.0
Throwing       | 1 |  1.4
Translocations | 2 4 |  4.1
Conjurations   | 5 6 |  6.4

Action                   |  1- 3 |  4- 6 |  7- 9 || total
-------------------------+-------+-------+-------++-------
Melee: Unarmed           |    14 |    50 |       ||    64
       Tailslap          |     1 |     8 |     4 ||    13
       Whip              |       |       |    47 ||    47
       Kick              |       |       |     7 ||     7
Throw: Dart              |    13 |    11 |     6 ||    30
 Cast: Magic Dart        |    44 |    46 |    43 ||   133
       Searing Ray       |    22 |    31 |    31 ||    84
       Iskenderun's Myst |       |     2 |    11 ||    13
 Abil: Breathe Fire      |       |       |     2 ||     2
  Use: Scroll            |     5 |     3 |     8 ||    16
       Potion            |       |    10 |     1 ||    11
Armor: Skin              |    10 |    21 |    29 ||    60
Dodge: Dodged            |    31 |    62 |    67 ||   160
